 Dungeon Crawl Stone Soup version 0.29.1-15-g9cfb28693d (webtiles) character file.

Game seed: 11421943689401040051

10115 monsoonserge the Protected (level 11, -10/92 HPs)
             Began as a Palentonga Fighter on Apr 30, 2023.
             Was a Priest of Uskayaw.
             Mangled by an ogre
             ... wielding a +0 giant spiked club
             ... led by Lodul
              (17 damage)
             ... on level 11 of the Dungeon.
             The game lasted 00:37:30 (9084 turns).

monsoonserge the Protected (Palentonga Fighter)     Turns: 9084, Time: 00:37:30

Health: -10/92     AC: 22    Str: 21    XL:     11   Next: 31%
Magic:  11/17      EV:  9    Int:  8    God:    Uskayaw [***...]
Gold:   647        SH:  6    Dex: 19    Spells: 10/10 levels left

rFire   . . .      SeeInvis +   B - +5 mace "Have" {drain, rElec rC+ Str-4 Dex+2}
rCold   + + .      Faith    .   c - +0 buckler
rNeg    . . .      Spirit   .   I - +2 scale mail {rC+}
rPois   .          Reflect  .   x - +0 helmet
rElec   +          Harm     .   b - +2 cloak
rCorr   .          Rampage  .   (no gloves)
Will    .....                   (no barding)
Stlth   ..........              z - amulet of magic regeneration
HPRegen 0.25/turn               M - +6 ring of dexterity
MPRegen 0.55/turn               u - +4 ring of slaying

@: curled up
A: large, rugged brown scales 3, see invisible, deformed body, roll 1, armoured
tail, reflexive curl
a: Rolling Charge, Renounce Religion, Stomp, Line Pass


You were on level 11 of the Dungeon.
You worshipped Uskayaw.
Uskayaw was aware of your devotion.
You visited 2 branches of the dungeon, and saw 12 of its levels.

You collected 647 gold pieces.

Inventory:

Hand Weapons
 B - the +5 mace "Have" (weapon) {drain, rElec rC+ Str-4 Dex+2}
   (You found it on level 4 of the Dungeon)

   A truly terrible weapon, it drains the life of any living foe it strikes.
   Str:       It affects your strength (-4).
   Dex:       It affects your dexterity (+2).
   rC:        It protects you from cold.
   rElec:     It insulates you from electricity.
 X - a +1 war axe of flaming
Missiles
 f - 9 boomerangs (quivered)
 o - 13 poisoned darts
 s - a throwing net
 t - 61 stones
 R - 4 javelins
Armour
 a - a scarf of harm
 b - a +2 cloak (worn)
 c - a +0 buckler (worn)
 x - a +0 helmet (worn)
 I - a +2 scale mail of cold resistance (worn)
Jewellery
 d - a ring of magical power
 u - a +4 ring of slaying (right hand)
 z - an amulet of magic regeneration (around neck)
 A - a ring of magical power
 M - a +6 ring of dexterity (left hand)
Wands
 E - a wand of digging (8)
 H - a wand of flame (10)
 O - a wand of polymorph (9)
 S - a wand of light (7)
 T - a wand of roots (4)
Scrolls
 e - 2 scrolls of noise {unknown}
 g - 14 scrolls of identify {unknown}
 h - 3 scrolls of blinking {unknown}
 i - a scroll of acquirement {unknown}
 j - a scroll of fear {unknown}
 k - a scroll of immolation {unknown}
 l - 8 scrolls of teleportation {unknown}
 m - 4 scrolls of enchant armour {unknown}
 v - 3 scrolls of amnesia {unknown}
 y - a scroll of fog {unknown}
 K - a scroll of magic mapping {unknown}
 N - a scroll of torment {unknown}
 P - a scroll of silence {unknown}
 Q - 2 scrolls of vulnerability {unknown}
 U - a scroll of enchant weapon {unknown}
Potions
 n - 2 potions of ambrosia {unknown}
 p - 5 potions of curing
 q - 3 potions of heal wounds {unknown}
 r - 3 potions of berserk rage {unknown}
 w - 2 potions of brilliance {unknown}
 C - a potion of magic {unknown}
 D - 2 potions of attraction {unknown}
 F - 2 potions of invisibility {unknown}
 G - 2 potions of resistance {unknown}
 J - a potion of degeneration {unknown}
 V - 2 potions of haste {unknown}
 Y - a potion of lignification {unknown}
 Z - a potion of cancellation {unknown}


   Skills:
 + Level 8.1 Fighting
 - Level 5.0(6.6) Axes
 + Level 6.8(7.5) Maces & Flails
 + Level 0.5 Throwing
 + Level 8.5 Armour
 + Level 3.5 Dodging
 - Level 5.0 Shields
 * Level 8.4 Invocations


You had 10 spell levels left.
You didn't know any spells.
Your spell library contained the following spells:

 Spells                   Type           Power      Damage    Failure   Level
 Magic Dart               Conj           0%         1d3       77%         1
 Call Imp                 Summ           0%         N/A       88%         2
 Call Canine Familiar     Summ           0%         N/A       98%         3
 Mephitic Cloud           Conj/Pois/Air  0%         N/A       98%         3
 Portal Projectile        Hex/Tloc       0%         N/A       98%         3
 Tukima's Dance           Hex            0%         N/A       98%         3
 Leda's Liquefaction      Hex/Erth       0%         N/A       100%        4
 Blade Hands              Tmut           0%         N/A       100%        5


Dungeon Overview and Level Annotations

Branches:
Dungeon (11/15)            Temple (1/1) D:5            Lair (0/5) D:11
    Orc: D:9-12

Altars:
Ashenzari
Cheibriados
Dithmenos
Elyvilon
Fedhas
Gozag
Hepliaklqana
Kikubaaqudgha
Makhleb
Nemelex Xobeh
Okawaru
Qazlal
Ru
Sif Muna
Trog
Uskayaw
Vehumet
Wu Jian
Xom
Yredelemnul
Zin
The Shining One

Portals:
Abyss: D:4

Annotations:
D:4 2 transporters, Silvore's ghost, novice DsMo
D:11 Lodul


Innate Abilities, Weirdness & Mutations

You are completely covered in rugged brown scales. (AC +3, +7% HP)
You have supernaturally acute eyesight. (SInv)
Armour fits poorly on your strangely shaped body.
You can roll at nearby foes to attack.
You have a long armoured tail.
You curl defensively after being hit. (AC +7*)


Message History

You sock the troll!
The troll is severely wounded.
The troll is no longer paralysed.
The skeletal warrior is no longer paralysed.
The troll barely misses you.
The troll claws you but does no damage. x2
You hit the troll.
You kill the water moccasin!
The troll is almost dead.
The skeletal warrior is no longer paralysed. x2
An ogre comes into view. It is wielding a +0 giant club.
An ogre comes into view. It is wielding a +0 giant spiked club.
The troll bites you but does no damage. The troll barely misses you.
The troll claws you but does no damage.
The skeletal warrior hits you from afar with a +0 trident!
* * * LOW HITPOINT WARNING * * *
Aiming: Line Pass
Press: ? - help, Dir - move target, p - troll The troll appears confused.
The black bear appears confused. 2 ogres come into view.
The ogre shouts! x3
Lodul is no longer paralysed.
The troll is no longer sharing its pain.
The troll bites the black bear!
The black bear is killed!
Aiming: Line Pass
Press: ? - help, Dir - move target Lodul appears confused.
The ogre appears confused. x2
Lodul is no longer sharing his pain.
The ogre hits the ogre with a +0 giant club!!
The ogre is killed!
The troll seems less confused.
Okay, then.
You sock the ogre!
The ogre is heavily wounded.
You block the ogre's attack.
You barely miss the ogre.
Your tail-slap misses the ogre.
The ogre is heavily wounded.
The ogre seems less confused.
The ogre hits you with a +0 giant spiked club!
You die...

..♣. ...###########. ....
P...............
...♣....................
........................
.PPP♣...................
.P.......♣..............
.....♣..................
....>......O...O@.......
..♣....♣....?T).........
..P........O.######.....
.........♣.z.'....####....
....P........#.......#...#
..P.....PP#))#.O.....#...#
.....P..P##z.#.......#...#
......P####z.#.......#...#
....†######z.#.......#...#


You could see Lodul, a skeletal warrior, a troll and 2 ogres.

Vanquished Creatures
  Josephine (D:10)
  An ogre mage (D:8)
  Pikel (D:6)
  An unseen horror (D:10)
  A troll (D:11)
  Grinder (D:6)
  2 shadows
  Eustachio (D:4)
  5 wraiths (D:10)
  7 wyverns
  7 yaks
  A steam dragon (D:8)
  A basilisk (D:10)
  Duvessa (D:6)
  5 water moccasins
  2 ice beasts (D:8)
  A sky beast (D:5)
  2 black bears (D:11)
  2 orc warriors
  6 ogres
  A wolf (D:11)
  5 centaurs
  A kobold brigand (D:10)
  2 phantoms
  A gnoll sergeant (D:9)
  2 bullfrogs
  A necrophage (D:5)
  3 scorpions
  6 wights
  Dowan (D:6)
  6 howler monkeys
  3 hounds
  4 jellies
  3 iron imps (D:10)
  2 iguanas
  Natasha (twice) (D:2)
  5 orc wizards
  5 gnolls (D:9)
  14 adders
  2 shadow imps
  A white imp (D:7)
  An ufetubus (D:6)
  2 dart slugs
  19 orcs
  4 bats
  3 endoplasms
  5 giant cockroaches
  5 goblins
  4 hobgoblins
  10 kobolds
  3 quokkas
  9 ball pythons
  4 frilled lizards
  4 rats
192 creatures vanquished.

Vanquished Creatures (others)
  3 bushes (D:11)
  7 fungi (D:11)
  19 plants
29 creatures vanquished.

Grand Total: 221 creatures vanquished

Notes
Turn   | Place    | Note
-------+----------+-------------------------------------------
     0 | D:1      | monsoonserge the Palentonga Fighter began the quest for the
                  | Orb.
     0 | D:1      | Reached XP level 1. HP: 19/19 MP: 1/1
    95 | D:1      | Reached XP level 2. HP: 9/25 MP: 2/2
   465 | D:1      | Found a faded altar of an unknown god.
   811 | D:2      | Reached XP level 3. HP: 20/31 MP: 3/3
  1411 | D:2      | Noticed Natasha
  1414 | D:2      | Killed Natasha
  1415 | D:2      | Reached XP level 4. HP: 32/37 MP: 4/4
  1593 | D:2      | Noticed Natasha
  1598 | D:2      | Killed Natasha
  2231 | D:3      | You fall into a shaft and drop 2 floors!
  2231 | D:5      | Entered Level 5 of the Dungeon
  2233 | D:5      | Noticed a necrophage
  2251 | D:5      | Killed a necrophage
  2252 | D:5      | Reached XP level 5. HP: 31/44 MP: 5/5
  2353 | D:5      | Noticed a sky beast
  2420 | D:4      | Found a transporter.
  2448 | D:4      | Noticed a phantom
  2998 | D:3      | Reached XP level 6. HP: 51/51 MP: 6/6
  3607 | D:4      | Found a transporter.
  3628 | D:4      | Found a one-way gate to the infinite horrors of the Abyss.
  3628 | D:4      | Noticed Silvore's ghost (novice DsMo)
  3679 | D:4      | Noticed Eustachio
  3689 | D:4      | Killed Eustachio
  3690 | D:4      | Reached skill level 5 in Axes
  3690 | D:4      | Gained mutation: You curl defensively after being hit. (AC
                  | +7*) [Palentonga growth]
  3690 | D:4      | Reached XP level 7. HP: 56/57 MP: 7/7
  3901 | D:4      | Identified the +5 mace "Have" {drain, rElec rC+ Str-4
                  | Dex+2}
  4036 | D:4      | Found a shimmering altar of Xom.
  4098 | D:5      | Reached skill level 1 in Maces & Flails
  4142 | D:5      | Reached skill level 5 in Armour
  4270 | D:5      | Found a staircase to the Ecumenical Temple.
  4297 | Temple   | Entered the Ecumenical Temple
  4469 | Temple   | Became a worshipper of Uskayaw the Reveller
  4592 | D:5      | Reached * piety under Uskayaw
  4594 | D:5      | Reached ** piety under Uskayaw
  4596 | D:5      | Reached XP level 8. HP: 62/65 MP: 8/8
  4614 | D:6      | Noticed Grinder
  4618 | D:6      | Paralysed by Grinder for 5 turns
  4626 | D:6      | Reached skill level 5 in Fighting
  4626 | D:6      | Killed Grinder
  4627 | D:6      | Reached skill level 1 in Invocations
  4891 | D:6      | Noticed Pikel
  4900 | D:6      | Reached *** piety under Uskayaw
  4904 | D:6      | Killed Pikel
  4905 | D:6      | Reached skill level 1 in Dodging
  4905 | D:6      | Reached **** piety under Uskayaw
  5126 | D:6      | Reached XP level 9. HP: 72/72 MP: 12/12
  5330 | D:6      | Found a shimmering blue altar of Sif Muna.
  5403 | D:6      | Noticed Dowan
  5404 | D:6      | Noticed Duvessa
  5405 | D:6      | Killed Dowan
  5417 | D:6      | Killed Duvessa
  5661 | D:7      | Reached skill level 5 in Maces & Flails
  5710 | D:7      | Reached skill level 5 in Invocations
  6213 | D:8      | Reached skill level 5 in Shields
  6592 | D:8      | Noticed an ogre mage
  6600 | D:8      | Killed an ogre mage
  6601 | D:8      | Reached XP level 10. HP: 59/82 MP: 13/15
  7275 | D:9      | Found a white marble altar of Elyvilon.
  7512 | D:9      | Found a sparkling altar of Nemelex Xobeh.
  7532 | D:9      | Found a snail-covered altar of Cheibriados.
  7559 | D:9      | Found an ornate altar of the Wu Jian Council.
  7849 | D:10     | Entered Level 10 of the Dungeon
  8191 | D:10     | Noticed Josephine
  8194 | D:10     | Found a burning altar of Makhleb.
  8199 | D:10     | Killed Josephine
  8200 | D:10     | Reached XP level 11. HP: 32/92 MP: 1/16
  9033 | D:11     | Found a staircase to the Lair.
  9055 | D:11     | Noticed Lodul
  9057 | D:11     | Noticed a skeletal warrior
  9057 | D:11     | Noticed a skeletal warrior
  9057 | D:11     | Noticed a skeletal warrior
  9058 | D:11     | Noticed a skeletal warrior
  9075 | D:11     | HP: 4/92 [skeletal warrior/+0 trident (9)]
  9084 | D:11     | Mangled by an ogre

Illustrated notes

Levels and vault maps discovered:
D:1:      minmay_arrival_solitary_statue, layout_rooms,
          shapermc_ecumenical_altar_mp_highgroup, minivault_25, st_stairs_11
D:2:      layout_loops_ring, serial_forest, infiniplex_forest_clump_medium,
          infiniplex_forest_straight_3, infiniplex_forest_end_3,
          infiniplex_forest_lined_3_way, infiniplex_forest_end_2,
          infiniplex_forest_end_3, infiniplex_forest_lined_2,
          infiniplex_forest_straight_5, minmay_quadrilaterals, uniq_natasha
D:3:      layout_basic, serial_park_tiny_2
D:4:      layout_basic, mainiacjoe_overflow_alcove_2,
          gammafunk_ghost_abyssal_escape, minmay_misc_feat_chi, nrook_campfire,
          uniq_eustachio
D:5:      layout_cave_pools, minmay_temple_entry_nine_rooms
D:6:      layout_rooms, mainiacjoe_overflow_24_doors, serial_glass,
          glass_columns_c, glass_columns_a, uniq_grinder, uniq_pikel,
          uniq_duvessa
D:7:      layout_rooms
D:8:      layout_basic, kennysheep_just_a_vault
D:9:      layout_gridville, cheibriados_altar_1, elyvilon_altar_5,
          lemuel_tele_altar, marbit_many_paths, kennysheep_cluttered_room
D:10:     layout_rooms, demons_altar, uniq_josephine
D:11:     layout_irregular_city, minmay_lair_entry_grove,
          gauntlet_entry_generic, uniq_lodul
Temple:   bh_familiar_temple

Skill      XL: |  1  2  3  4  5  6  7  8  9 10 11 |
---------------+----------------------------------+-----
Shields        | 3 4 5 |  5.0
Armour         | 3 4 5 7 8 |  8.5
Axes           | 3 4 5 |  5.0
Fighting       | 4 5 6 7 8 |  8.1
Maces & Flails | 2 4 5 6 |  6.8
Invocations    | 4 6 7 8 |  8.4
Dodging        | 1 2 3 |  3.5
Throwing       | |  0.5

Action                   |  1- 3 |  4- 6 |  7- 9 | 10-12 || total
-------------------------+-------+-------+-------+-------++-------
Melee: War axe           |   106 |   111 |     2 |       ||   219
       Tailslap          |     5 |     9 |    30 |    20 ||    64
       Mace              |       |       |   151 |   105 ||   256
Throw: Boomerang         |       |     1 |     2 |       ||     3
Invok: Stomp             |       |       |     3 |    22 ||    25
       Line Pass         |       |       |       |     2 ||     2
 Abil: Rolling Charge    |    19 |    25 |    42 |    24 ||   110
  Use: Potion            |     1 |     1 |       |     1 ||     3
 Stab: Paralysed         |       |       |     6 |     4 ||    10
Armor: Scale mail        |    57 |       |    17 |    65 ||   139
       Chain mail        |       |    49 |    62 |       ||   111
Dodge: Dodged            |    41 |    25 |    36 |    56 ||   158
Block: Buckler           |    15 |    25 |    38 |    44 ||   122
